 Dungeon Crawl Stone Soup version 0.30-a0-576-g89cddaab80 (webtiles) character file.

Game seed: 5514256885105440609

53 porpoise the Shooter (level 3, 0/21 HPs)
             Began as a Tengu Hexslinger on Dec 31, 2022.
             Succumbed to an adder's poison
             ... on level 3 of the Dungeon.
             The game lasted 00:04:46 (1648 turns).

porpoise the Shooter (Tengu Hexslinger)             Turns: 1648, Time: 00:04:46

Health: 0/21       AC:  5    Str: 10    XL:     3   Next: 87%
Magic:  5/5        EV: 10    Int: 13    God:
Gold:   84         SH:  0    Dex: 16    Spells: 3/4 levels left

rFire   . . .      SeeInvis .    a - +1 sling
rCold   . . .      Faith    .    (no shield)
rNeg    . . .      Spirit   .    i - +0 ring mail
rPois   .          Reflect  .    (helmet restricted)
rElec   .          Harm     .    (no cloak)
rCorr   .          Rampage  .    (no gloves)
Will    .....                    (boots unavailable)
Stlth   +                        (no amulet)
HPRegen 0.23/turn                (no ring)
MPRegen 0.09/turn                (no ring)

@: mighty, lethally poisoned (0 -> -3)
A: beak, talons 3
a: no special abilities


You were on level 3 of the Dungeon.
You visited 1 branch of the dungeon, and saw 3 of its levels.

You collected 84 gold pieces.

Inventory:

Hand Weapons
 a - a +1 sling (weapon)
 b - a +3 dagger
Armour
 g - a +0 leather armour
 i - a +0 ring mail (worn)
Scrolls
 c - a scroll of fog
 d - a scroll of enchant weapon {unknown}
 f - a scroll of silence {unknown}
 j - 2 scrolls of identify
 k - a scroll of fear {unknown}
 m - a scroll of poison
Potions
 e - a potion of resistance
 h - a potion of brilliance
 l - a potion of might


   Skills:
 + Level 2.1 Fighting
 * Level 3.9 Ranged Weapons
 - Level 2.1 Dodging
 - Level 1.0 Spellcasting
 - Level 2.1 Hexes


You had 3 spell levels left.
You knew the following spells:

 Your Spells              Type           Power      Damage    Failure   Level
a - Slow                  Hex            24%        N/A       30%         1

Your spell library contained the following spells:

 Spells                   Type           Power      Damage    Failure   Level
 Inner Flame              Hex/Fire       3%         N/A       80%         3
 Portal Projectile        Hex/Tloc       6%         N/A       80%         3
 Cause Fear               Hex            3%         N/A       96%         4


Dungeon Overview and Level Annotations

Branches:
Dungeon (3/15)

Altars:


Innate Abilities, Weirdness & Mutations

You have a beak for a mouth.
You have claws for feet.


Message History

You shoot a sling bullet.
The sling bullet barely misses the adder.
The sling bullet misses the kobold.
The sling bullet barely misses the adder.
You feel sick. The adder bites you. x2
* * * LOW HITPOINT WARNING * * *
You are too injured to fight recklessly!
You are too injured to fight recklessly!
Fire: a) +1 sling
Press: ? - help, Q - select action, (/) - cycle Shift-Dir - straight line, f/p - adder
Aim: an adder (heavily wounded, 42% to hit)
You shoot a sling bullet. The sling bullet misses the adder.
The sling bullet hits the kobold but does no damage.
You feel sick.
You are no longer poisoned.
The adder bites you.
* * * LOW HITPOINT WARNING * * *
The adder misses you.
Fire: a) +1 sling
Press: ? - help, Q - select action, (/) - cycle Shift-Dir - straight line, f/p - adder
Aim: an adder (heavily wounded, 42% to hit)
You shoot a sling bullet. The sling bullet hits the adder.
The adder is almost dead.
The adder closely misses you. The adder bites you.
* * * LOW HITPOINT WARNING * * *
You are lethally poisoned!
The adder poisons you!
Unknown command.
You feel very mighty all of a sudden.
* * * LOW HITPOINT WARNING * * *
You feel sick. The adder closely misses you.
Fire: a) +1 sling
Press: ? - help, Q - select action, (/) - cycle Shift-Dir - straight line, f/p - adder
Aim: an adder (almost dead, 42% to hit)
You shoot a sling bullet.
The sling bullet closely misses the adder.
The sling bullet closely misses the kobold.
The sling bullet hits the adder.
The adder is moderately wounded.
You die...

##......<# #..#
#..#######...##.##
#.#####....# ...#
#.......#### ...
##
#######...†###...
.. ####...##S# ..
###..#K# .#
##.#S#.# #..@[.#
##...## #.?.#
#...# ##.## #.#
#.# #.#


You could see 2 adders and a kobold.

Vanquished Creatures
  An adder (D:3)
  A worm (D:2)
  2 bats
  4 endoplasms
  2 giant cockroaches (D:2)
  7 hobgoblins
  A kobold (D:1)
  3 quokkas
  4 ball pythons
  3 frilled lizards
  3 goblins
  5 rats
36 creatures vanquished.

Notes
Turn   | Place    | Note
-------+----------+-------------------------------------------
     0 | D:1      | porpoise the Tengu Hexslinger began the quest for the Orb.
     0 | D:1      | Reached XP level 1. HP: 12/12 MP: 3/3
   187 | D:1      | Reached XP level 2. HP: 16/16 MP: 4/4
   315 | D:1      | Reached skill level 3 in Ranged Weapons
   664 | D:2      | Reached XP level 3. HP: 19/21 MP: 5/5
  1648 | D:3      | Succumbed to an adder's poison

Illustrated notes

Levels and vault maps discovered:
D:1:      eino_arrival_water_cross, layout_basic, reono_crystal_passage
D:2:      layout_basic
D:3:      minmay_general_purpose_star, layout_basic

Skill      XL: |  1  2  3 |
---------------+----------+-----
Ranged Weapons | 3 |  3.9
Fighting       | 2 |  2.1
Dodging        | |  2.1
Spellcasting   | |  1.0
Hexes          | |  2.1

Action                   || total
-------------------------++-------
 Fire: Sling             ||   116
 Cast: Slow              ||     2
  Use: Scroll            ||     4
       Potion            ||     1
Armor: Robe              ||     4
       Ring mail         ||    13
Dodge: Dodged            ||    24

Table legend: (Time is in decaauts)
 A = Elapsed time spent in this place.
 B = Non-inter-level travel time spent in this place.
 C = Inter-level travel time spent in this place.
 D = Time resting spent in this place.
 E = Time spent auto-exploring this place.
 F = Levels seen in this place.
 G = Mean time per level.
                   A        B        C        D        E       F      G
               +--------+--------+--------+--------+--------+-----+--------+
         Total |   1685 |   1659 |     26 |    110 |   1264 |   3 |  561.7 |
       Dungeon |   1685 |   1659 |     26 |    110 |   1264 |   3 |  561.7 |
               +--------+--------+--------+--------+--------+-----+--------+

Top non-repeatable levels by time:
     D:2: 869 daAuts
     D:1: 678 daAuts
     D:3: 138 daAuts
